 Dungeon Crawl Stone Soup version 0.25-a0-578-gc91f01c39c (webtiles) character file.

Game seed: 2739486249420254470, levelgen mode: deterministic

529 An17 the Insei (level 7, -6/49 HPs)
             Began as a Vine Stalker Transmuter on Mar 4, 2020.
             Mangled by Pikel
             ... wielding a +2 whip of freezing
              (9 damage)
             ... on level 4 of the Dungeon.
             The game lasted 00:09:59 (3019 turns).

An17 the Insei (Vine Stalker Transmuter)            Turns: 3019, Time: 00:10:00

Health: -6/49      AC:  3    Str: 13    XL:     7   Next: 23%
Magic:  0/13       EV: 12    Int: 15    God:
Gold:   217        SH:  0    Dex: 14    Spells: 3/13 levels left

rFire    . . .     SeeInvis .     - Unarmed
rCold    + . .     Gourm    .   (no shield)
rNeg     + . .     Faith    .   f - +0 leather armour
rPois    .         Spirit   +   (no helmet)
rElec    .         Reflect  .   (no cloak)
rCorr    .         Harm     .   (no gloves)
MR       .....                  (no boots)
Stlth    ..........             (no amulet)
HPRegen  0.56/turn              h - ring of positive energy
MPRegen  0.13/turn              o - ring of protection from cold

@: berserking, very quick
A: fangs 2, regeneration 1, magic shield, antimagic bite, no potion heal 3, rot
immunity
a: no special abilities


You were on level 4 of the Dungeon.
You were very hungry.

You visited 1 branch of the dungeon, and saw 4 of its levels.

You collected 217 gold pieces.

Inventory:

Hand Weapons
 s - a +0 rapier
Missiles
 a - 81 arrows
 k - 5 poisoned darts (quivered)
 t - 6 datura-tipped darts
Armour
 f - a +0 leather armour (worn)
 m - a +0 chain mail
Jewellery
 h - a ring of positive energy (left hand)
 o - a ring of protection from cold (right hand)
Wands
 q - a wand of disintegration (14)
Scrolls
 b - 2 scrolls of remove curse
Potions
 e - 2 potions of curing
 g - 2 potions of heal wounds
 i - 2 potions of stabbing {unknown}
 j - a potion of ambrosia {unknown}
 l - a potion of haste {unknown}
 n - a potion of mutation {unknown}
 p - a potion of resistance {unknown}
 r - a potion of brilliance {unknown}
Comestibles
 d - 6 rations


   Skills:
 + Level 1.4 Fighting
 + Level 2.4 Armour
 + Level 2.6 Dodging
 - Level 0.6 Stealth
 + Level 5.3 Unarmed Combat
 + Level 3.7 Spellcasting
 + Level 2.8 Transmutations
 + Level 0.1 Poison Magic


You had 3 spell levels left.
You knew the following spells:

 Your Spells              Type           Power        Failure   Level  Hunger
a - Beastly Appendage     Tmut           ##....       8%          1    None
b - Sticks to Snakes      Tmut           ##......     11%         2    ##.....
c - Spider Form           Tmut/Pois      #.........   36%         3    ###....
d - Ice Form              Ice/Tmut       #.......     78%         4    ####...

Your spell library contained the following spells:

 Spells                   Type           Power        Failure   Level  Hunger
 Confusing Touch          Hex            #.......     56%         3    ###....
 Gell's Gravitas          Tloc           #.........   56%         3    ###....
 Petrify                  Tmut/Erth      #.......     78%         4    ####...
 Blade Hands              Tmut           ##........   90%         5    ######.
 Yara's Violent Unravell  Hex/Tmut       #.........   98%         5    ######.
 Metabolic Englaciation   Hex/Ice        #.........   100%        5    ######.


Dungeon Overview and Level Annotations

Branches:
Dungeon (4/15)
 Temple: D:4-7

Altars:
Elyvilon
Ru
The Shining One

Annotations:
D:4 Pikel


Innate Abilities, Weirdness & Mutations

You have extremely sharp teeth.
Your natural rate of healing is unusually fast.
When hurt, damage is shared between your health and your magic reserves.
Your bite disrupts and absorbs the magic of your enemies.
Potions cannot restore your health.
You are immune to rotting.


Message History

Your +0 leather armour unmelds from your body.
Pikel hits you with a +2 whip of freezing.
The slave barely misses you.
You closely miss Pikel.
Pikel is severely wounded.
Pikel barely misses you. The slave hits you!
You hit Pikel but do no damage. Your punch misses Pikel. You bite Pikel.
You drain his power.
You feel invigorated.
Pikel is severely wounded.
Pikel hits you with a +2 whip of freezing!
* * * LOW HITPOINT WARNING * * *
Pikel freezes you.
* * * LOW HITPOINT WARNING * * *
The slave hits you!
* * * LOW HITPOINT WARNING * * *
Okay, then.
A red film seems to cover your vision as you go berserk!
You feel yourself moving faster!
You feel mighty!
Pikel hits you with a +2 whip of freezing!
You die...

####### #......
##### #......
###...########..###.
#...#...#.......# #.
#...#.....[###..###<
#.#####....# #......
#.p@#......# #######
#.K.#...####
###...### ##.##
####.#### #.......#
#.#...#.# ####
###.#...#)# .. ...
...##.##.####...


You could see Pikel and a slave.

Vanquished Creatures
  Sigmund (D:4)
  3 slaves (D:3)
  A bullfrog (D:3)
  2 howler monkeys
  Terence (D:2)
  7 gnolls (D:2)
  5 adders (D:2)
  3 oozes
  A worm (D:4)
  A dart slug (D:1)
  2 leopard geckos
  4 giant cockroaches
  12 goblins
  9 hobgoblins
  14 jackals
  A quokka (D:2)
  4 ball pythons
  6 bats
  7 frilled lizards
  6 kobolds
  2 rats (D:1)
92 creatures vanquished.

Notes
Turn   | Place    | Note
-------+----------+-------------------------------------------
     0 | D:1      | An17 the Vine Stalker Transmuter began the quest for the
                  | Orb.
     0 | D:1      | Reached XP level 1. HP: 9/9 MP: 4/4
   288 | D:1      | Reached XP level 2. HP: 8/14 MP: 4/6
   301 | D:1      | Learned a level 2 spell: Sticks to Snakes
   716 | D:1      | Reached XP level 3. HP: 9/17 MP: 4/7
   721 | D:1      | Learned a level 3 spell: Spider Form
   886 | D:1      | Reached skill level 4 in Unarmed Combat
  1234 | D:2      | Gained mutation: Your natural rate of healing is unusually
                  | fast. [Vine Stalker growth]
  1234 | D:2      | Reached XP level 4. HP: 18/21 MP: 5/8
  1354 | D:2      | Noticed Terence
  1374 | D:2      | Killed Terence
  1402 | D:2      | Found a sacrificial altar of Ru.
  1505 | D:2      | Reached XP level 5. HP: 15/25 MP: 5/10
  1525 | D:2      | Reached skill level 1 in Fighting
  1742 | D:2      | Reached skill level 1 in Armour
  1784 | D:2      | Reached XP level 6. HP: 23/30 MP: 5/11
  1807 | D:2      | Learned a level 4 spell: Ice Form
  1896 | D:2      | Found a glowing golden altar of the Shining One.
  2448 | D:3      | Reached skill level 5 in Unarmed Combat
  2785 | D:4      | Noticed Sigmund
  2800 | D:4      | Killed Sigmund
  2800 | D:4      | Reached XP level 7. HP: 30/33 MP: 8/13
  2817 | D:4      | Found a white marble altar of Elyvilon.
  2844 | D:4      | Noticed Pikel
  3018 | D:4      | HP: 1/33 [slave[Pikel] (4)]
  3019 | D:4      | Mangled by Pikel

Levels and vault maps discovered:
D:1:      dpeg_arrival_line_fractal, layout_basic, minmay_heptomino_o4
D:2:      layout_basic, nicolae_ru_great_annihilating_truth,
          nicolae_tso_swordbearing_angel, uniq_terence
D:3:      layout_basic
D:4:      layout_loops_cross, led_xom_imps, old_standard_altar,
          kennysheep_little_box, first_ration, minivault_19, trog_hazing_becter,
          uniq_sigmund, uniq_blork_the_orc, uniq_ijyb, uniq_pikel, uniq_robin

Skill      XL: |  1  2  3  4  5  6 |
---------------+-------------------+-----
Unarmed Combat | 4 5 |  5.3
Dodging        | 2 |  2.6
Spellcasting   | 3 |  3.7
Fighting       | 1 |  1.4
Armour         | 1 2 |  2.4
Stealth        | |  0.6
Transmutations | |  2.8
Poison Magic   | |  0.1

Action                   |  1- 3 |  4- 6 |  7- 9 || total
-------------------------+-------+-------+-------++-------
Melee: Unarmed           |    87 |   189 |    54 ||   330
       Kick              |     6 |    10 |     3 ||    19
       Bite              |    11 |    40 |    12 ||    63
       Punch             |     1 |       |       ||     1
       Headbutt          |     4 |     9 |     4 ||    17
 Cast: Beastly Appendage |    13 |    22 |     3 ||    38
       Spider Form       |       |     2 |     1 ||     3
 Abil: End Transformatio |       |     1 |       ||     1
  Use: Scroll            |     3 |     6 |       ||     9
       Potion            |       |       |     1 ||     1
 Stab: Sleeping          |     1 |       |       ||     1
       Paralysed         |       |     1 |       ||     1
  Eat: Ration            |       |     2 |       ||     2
Armor: Robe              |     8 |       |       ||     8
       Leather armour    |     9 |    25 |     6 ||    40
Dodge: Dodged            |    44 |   125 |    41 ||   210

Table legend:
 A = Non-vault XP
 B = Vault XP
 C = Vault XP percentage of total XP
 D = Non-vault monster count
 E = Vault monster count
 F = Vault count percentage of total count
                 A         B        C        D         E       F
            +---------+---------+-------+---------+---------+-------
      Total |     496 |     260 |  34.4 |      80 |       9 |  10.1
            +---------+---------+-------+---------+---------+-------
        D:1 |      49 |      10 |  16.9 |      26 |       3 |  10.3
        D:2 |     252 |      42 |  14.3 |      29 |       5 |  14.7
        D:3 |     190 |       0 |   0.0 |      24 |       0 |   0.0
        D:4 |       5 |     208 |  97.7 |       1 |       1 |  50.0
            +---------+---------+-------+---------+---------+-------
